 Dungeon Crawl Stone Soup version 0.28-a0-850-g09de17f5b5 (webtiles) character file.

Game seed: 3414752392510868520

425102 MirrMurr the Imperceptible (level 22, -1/115 HPs)
             Began as a Spriggan Enchanter on Nov 12, 2021.
             Was the Champion of Dithmenos.
             Constricted to death by a tentacled monstrosity (9 damage)
             ... on level 5 of the Vaults on Nov 14, 2021.
             The game lasted 05:14:40 (116546 turns).

MirrMurr the Imperceptible (Spriggan Enchanter)   Turns: 116546, Time: 05:14:40

Health: -1/115     AC: 25    Str: 13    XL:     22   Next: 73%
Magic:  40/40      EV: 31    Int: 20    God:    Dithmenos [******]
Gold:   1812       SH: 16    Dex: 16    Spells: 4/48 levels left

rFire   + . .      SeeInvis +   b - +4 rapier (elec)
rCold   . . .      Faith    .   v - +3 buckler {AC+3}
rNeg    . . .      Spirit   .   o - +4 steam dragon scales
rPois   .          Reflect  +   I - +2 hat {SInv}
rElec   .          Harm     .   h - +2 cloak {rCorr}
rCorr   +          Rampage  .   (gloves unavailable)
Will    +++..                   (boots unavailable) Stlth *********+
                                W - amulet of reflection
HPRegen 0.29/turn               y - ring of Dim Light {rF+ Str+3}
MPRegen 0.27/turn               J - ring of the Tortoise {AC+8}

@: wreathed by umbra, constricted, studying Crossbows, very quick
A: very small, no large weapons, unfitting armour, see invisible, speed 3,
camouflage 1, MP-powered wands
}: 2/15 runes: barnacled, gossamer
a: Renounce Religion, Shadow Step, Shadow Form


You were on level 5 of the Vaults.
You worshipped Dithmenos.
Dithmenos was exalted by your worship.
You visited 9 branches of the dungeon, and saw 44 of its levels.
You visited 1 bazaar.
You also visited: Ossuary, Bailey, Gauntlet, Ice Cave and Volcano.

You collected 6589 gold pieces.
You spent 4777 gold pieces at shops.

Inventory:

Hand Weapons
 a - a +7 dagger of venom
 b - a +4 rapier of electrocution (weapon)
 K - a +1 great sword of venom
 Z - a +7 demon blade of freezing
Missiles
 g - 6 throwing nets
 j - 1391 stones (quivered)
 p - 60 poisoned darts
 q - a curare-tipped dart
 O - 32 boomerangs
 T - 2 silver boomerangs
Armour
 h - a +2 cloak of preservation (worn)
 o - +4 steam dragon scales (worn)
 v - a +3 buckler of protection (worn)
 I - a +2 hat of see invisible (worn)
 M - quicksilver dragon scales
Jewellery
 k - a +4 ring of slaying
 s - the ring of Geysmueddic {Fly Str+4}
   (You found it on level 2 of the Depths)

   [ring of flight]

   Str:       It affects your strength (+4).
   Fly:       It grants you flight.
 x - a ring of willpower
 y - the ring of Dim Light (left hand) {rF+ Str+3}
   (You found it on level 2 of the Depths)

   [ring of protection from fire]

   Str:       It affects your strength (+3).
   rF:        It protects you from fire.
 F - the ring of Ceor {rC+ rN+ Int+4}
   (You bought it in a shop on level 2 of the Orcish Mines)

   [ring of positive energy]

   Int:       It affects your intelligence (+4).
   rC:        It protects you from cold.
   rN:        It protects you from negative energy.
 J - the ring of the Tortoise (right hand) {AC+8}
   (You took it off a merfolk on level 4 of the Shoals)

   [ring of protection]

   AC:        It affects your AC (+8).
 V - a ring of poison resistance
 W - an amulet of reflection (around neck)
Wands
 w - a wand of digging (25)
 S - a wand of acid (7)
Scrolls
 c - 2 scrolls of blinking
 i - 27 scrolls of identify
 l - 5 scrolls of fog
 z - 2 scrolls of enchant armour
 D - 2 scrolls of summoning
 E - 3 scrolls of vulnerability
 G - 4 scrolls of fear
 H - 13 scrolls of immolation
 Q - 16 scrolls of teleportation
 R - 6 scrolls of magic mapping
Potions
 d - 8 potions of heal wounds
 e - 7 potions of curing
 f - 6 potions of might
 m - 11 potions of mutation
 r - 4 potions of invisibility
 t - 11 potions of brilliance
 u - 6 potions of haste
 A - 7 potions of ambrosia
 B - 4 potions of berserk rage
 C - 3 potions of magic
 L - 3 potions of flight
 N - 7 potions of cancellation
 P - 2 potions of resistance
Miscellaneous
 n - a phial of floods
 U - a phantom mirror
 X - a box of beasts
 Y - a lightning rod (4/4)


   Skills:
 + Level 11.9 Fighting
 - Level 10.0(11.8) Short Blades
 + Level 7.9(9.3) Long Blades
 + Level 23.7 Dodging
 + Level 26.4 Stealth
 - Level 8.5 Shields
 * Level 13.6 Spellcasting
 + Level 11.0 Hexes
 * Level 12.8 Summonings
 - Level 9.0 Translocations
 - Level 7.5 Transmutations
 - Level 6.0 Air Magic
 - Level 6.0 Earth Magic
 - Level 12.0 Invocations
 - Level 8.0 Evocations


You had 4 spell levels left.
You knew the following spells:

 Your Spells              Type           Power      Damage    Failure   Level
a - Ensorcelled Hibernat  Hex/Ice        70%        N/A       1%          2
b - Confusing Touch       Hex            55%        N/A       1%          3
c - Tukima's Dance        Hex            55%        N/A       1%          3
d - Dazzling Flash        Conj/Hex       70%        N/A       1%          3
e - Silence               Hex/Air        23%        N/A       4%          5
f - Call Canine Familiar  Summ           60%        N/A       1%          3
g - Slow                  Hex            100%       N/A       1%          1
h - Summon Cactus Giant   Summ           30%        N/A       3%          6
s - Summon Lightning Spi  Summ/Air       50%        N/A       1%          4
v - Summon Mana Viper     Hex/Summ       57%        N/A       1%          5
A - Apportation           Tloc           98%        N/A       1%          1
B - Blink                 Tloc           98%        N/A       1%          2
G - Passage of Golubria   Tloc           49%        N/A       1%          4
P - Passwall              Tmut/Erth      33%        N/A       1%          2

Your spell library contained the following spells:

 Spells                   Type           Power      Damage    Failure   Level
 Sting                    Tmut/Pois      100%       1d8       1%          1
 Summon Small Mammal      Summ           100%       N/A       1%          1
 Gell's Gravitas          Tloc           49%        N/A       1%          3
 Inner Flame              Hex/Fire       35%        N/A       1%          3
 Portal Projectile        Hex/Tloc       100%       N/A       1%          3
 Summon Guardian Golem    Hex/Summ       57%        N/A       1%          3
 Swiftness                Air            37%        N/A       1%          3
 Teleport Other           Tloc           49%        N/A       1%          3
 Animate Armour           Summ/Erth      100%       N/A       1%          4
 Leda's Liquefaction      Hex/Erth       23%        N/A       1%          4
 Corpse Rot               Necr/Air       50%        N/A       2%          2
 Poisonous Vapours        Pois/Air       50%        N/A       2%          2
 Spider Form              Tmut/Pois      28%        N/A       3%          3
 Animate Skeleton         Necr           26%        N/A       4%          1
 Foxfire                  Conj/Fire      52%        2x1d6     4%          1
 Freeze                   Ice            52%        1d7       4%          1
 Pain                     Necr           52%        1d6       4%          1
 Airstrike                Air            18%        N/A       4%          4
 Ice Form                 Ice/Tmut       28%        N/A       10%         4
 Conjure Flame            Conj/Fire      13%        6-21      14%         3
 Frozen Ramparts          Ice            26%        1d4       14%         3
 Vampiric Draining        Necr           13%        2d6       14%         3
 Animate Dead             Necr           6%         N/A       43%         4
 Flame Wave               Conj/Fire      13%        3d5       43%         4
 Hailstorm                Conj/Ice       13%        3d5       43%         4
 Olgreb's Toxic Radiance  Pois           13%        N/A       43%         4
 Summon Forest            Summ/Tloc      27%        N/A       1%          5
 Manifold Assault         Tloc           49%        N/A       3%          5
 Yara's Violent Unravell  Hex/Tmut       25%        3d11      3%          5
 Blade Hands              Tmut           21%        N/A       6%          5
 Lee's Rapid Deconstruct  Erth           18%        3d12*     12%         5
 Dispersal                Tloc           24%        N/A       19%         6
 Alistair's Intoxication  Tmut/Pois      18%        N/A       28%         5
 Borgnjor's Vile Clutch   Necr/Erth      12%        N/A       36%         5
 Lightning Bolt           Conj/Air       12%        1d26      36%         5
 Statue Form              Tmut/Erth      26%        N/A       41%         6
 Malign Gateway           Summ/Tloc      27%        N/A       43%         7
 Agony                    Necr           13%        N/A       80%         5
 Excruciating Wounds      Necr           6%         N/A       80%         5
 Eringya's Noxious Bog    Tmut/Pois      14%        N/A       83%         6
 Summon Horrible Things   Summ           30%        N/A       86%         8
 Storm Form               Tmut/Air       20%        N/A       94%         7
 Death Channel            Necr           6%         N/A       100%        6
 Simulacrum               Ice/Necr       6%         N/A       100%        6
 Lehudib's Crystal Spear  Conj/Erth      12%        10d4      100%        8
 Shatter                  Erth           18%        3d17*     100%        9


Dungeon Overview and Level Annotations

Branches:
Dungeon (15/15)            Temple (1/1) D:5            Lair (6/6) D:8
 Shoals (4/4) Lair:4       Spider (4/4) Lair:4        Slime (0/5) Lair:6
    Orc (2/2) D:10            Elf (3/3) Orc:2        Vaults (5/5) D:14
  Crypt (0/3) Vaults:3     Depths (4/4) D:15            Zot (0/5) Depths:4
Ossuary (visited)          Bailey (visited)           IceCv (visited)
Volcano (visited)         Gauntlet (visited)

Altars:
Ashenzari
Cheibriados
Dithmenos
Elyvilon
Fedhas
Gozag
Hepliaklqana
Kikubaaqudgha
Makhleb
Nemelex Xobeh
Okawaru
Qazlal
Ru
Sif Muna
Trog
Uskayaw
Vehumet
Wu Jian
Xom
Yredelemnul
Zin
The Shining One

Shops:
D:11 [   Orc:2 =[[(   Elf:1 [?   Elf:2 ([***(   Shoals:1 *   Depths:1 ==:

Portals:
Hell: Depths:1 Depths:2 Depths:3 Depths:4
Abyss: Depths:3
Pandemonium: Depths:2
Ziggurat: Depths:1

Annotations:
Depths:3 exclusion: door


Innate Abilities, Weirdness & Mutations

You are very small and have problems with some larger weapons.
You are too small for most types of armour.
You have supernaturally acute eyesight. (SInv)
You cover ground extremely quickly. (Speed+++)
Your skin changes colour to match your surroundings (Stealth+).
You expend magic power (3 MP) to strengthen your wands.


Message History

The phantasmal warrior blinks!
The stone giant throws a large rock.
The large rock completely misses you.
The large rock completely misses the phantasmal warrior.
A purple very ugly thing comes into view.
The stone giant hits you!!
* * * LOW HITPOINT WARNING * * *
You emit a cloud of dark smoke.
The phantasmal warrior gestures at you.
The phantasmal warrior blinks!
The storm dragon roars deafeningly!
The purple very ugly thing gurgles horribly!
Blink to where?
Press: ? - help, Dir - move target A tentacled monstrosity comes into view.
As you read the scroll of blinking, it crumbles to dust.
You hear a shout!
The tentacled monstrosity closely misses you.
You block the tentacled monstrosity's attack.
The tentacled monstrosity closely misses you.
You block the tentacled monstrosity's attack.
The tentacled monstrosity tentacle-slaps you but does no damage.
You block the tentacled monstrosity's attack. x2
The tentacled monstrosity grabs you.
The tentacled monstrosity constricts you.
* * * LOW HITPOINT WARNING * * *
The tentacled monstrosity's grasp on you weakens, but your attempt to escape fails.
You block the tentacled monstrosity's attack.
The tentacled monstrosity completely misses you.
The tentacled monstrosity tentacle-slaps you.
* * * LOW HITPOINT WARNING * * *
The tentacled monstrosity constricts you!
* * * LOW HITPOINT WARNING * * *
Casting: Summon Cactus Giant (dangerous; 3% risk of failure)
Confirm with . or Enter, or press ? or * to list all spells.
Okay, then.
The tentacled monstrosity's grasp on you weakens, but your attempt to escape fails.
The tentacled monstrosity tentacle-slaps you but does no damage.
You block the tentacled monstrosity's attack. x2
The tentacled monstrosity constricts you!
You die...

#..# #..#
#..# #..#
#..# #..#
#..# #.@#
#X.#
u....#..#
....#..#
...#.W#
....C#
#####....#
.....§§§.#
....§§§.§#


You could see a tentacled monstrosity, a stone giant and a phantasmal warrior.

Vanquished Creatures
  An ancient lich (Vaults:5)
  Mara (Spider:3)
  A juggernaut (Depths:2)
  Saint Roka (Vaults:1)
  Nikola (Elf:1)
  A golden dragon (Depths:3)
  Arachne (Spider:3)
  2 tentacled monstrosities
  Mlioglotl (Spider:1)
  A walking crystal tome (Depths:4)
  A deep elf master archer (Elf:3)
  A lich (Depths:3)
  A deep elf blademaster (Elf:3)
  A titan (Depths:1)
  Polyphemus (Shoals:3)
  4 sphinxes
  3 shadow dragons (Depths:4)
  2 tengu reavers
  Kirke (D:14)
  Donald (Shoals:2)
  3 fire giants
  A draconian knight (Depths:4)
  Ilsuiw (Shoals:3)
  7 vault wardens
  9 deep elf sorcerers
  3 cacodemons
  3 deep elf elementalists
  A draconian shifter (Depths:4)
  3 frost giants
  3 ghost moths (Spider:4)
  Louise (Spider:1)
  5 emperor scorpions
  17 ironbound preservers
  A war gargoyle (Vaults:2)
  A spriggan defender (Depths:4)
  The ghost of hemabe71 the Covert, a journeyman HuAr of Trog (Lair:6)
  28 very ugly things
  14 stone giants
  A vampire knight (Depths:3)
  3 deep elf demonologists
  8 deep elf annihilators
  2 entropy weavers
  2 black draconians (Depths:4)
  A minotaur (Lair:6)
  A yellow draconian (Depths:4)
  15 dire elephants
  3 spark wasps
  3 blizzard demons
  2 deep elf death magi (Elf:3)
  6 ettins
  A merfolk javelineer (Shoals:4)
  5 yaktaur captains
  8 merfolk impalers
  9 fire dragons
  2 deep elf high priests (Elf:3)
  5 great orbs of eyes
  Fannar (Lair:3)
  4 ice dragons
  3 peacekeepers
  6 hydras
  Erolcha (Orc:1)
  3 rakshasas
  5 ironbound thunderhulks
  25 vault guards
  8 centaur warriors
  A death knight (D:15)
  A merfolk avatar (Lair:6)
  An anaconda (shapeshifter) (Vaults:5)
  2 spriggan air magi (Depths:2)
  2 alligator snapping turtles
  4 boulder beetles
  12 ironbound frosthearts
  3 merfolk aquamancers
  3 catoblepae
  4 tengu warriors
  3 two-headed ogres
  7 deep troll earth magi
  6 death yaks
  6 deep troll shamans
  5 orc high priests
  2 vampire magi (Depths:2)
  21 dancing weapons
  Sonja (Lair:2)
  4 spriggan berserkers (Depths:4)
  A soul eater (Depths:2)
  A titan skeleton (Depths:2)
  A sun demon (Depths:3)
  11 deep elf knights
  4 hell knights
  A fire crab (Lair:6)
  A sixfirhy (Depths:3)
  2 skeletal warriors
  15 sea snakes
  8 iron trolls
  58 deep trolls
  A golden dragon zombie (Depths:2)
  A swamp dragon (shapeshifter) (D:14)
  2 obsidian statues
  9 wizards
  A tengu zombie (Depths:2)
  3 glowing orange brains
  15 ironbound convokers
  3 phantasmal warriors
  7 deep elf archers
  A golden dragon skeleton (Depths:2)
  13 lindwurms
  An orc knight (Orc:1)
  32 harpies
  4 necromancers
  17 deep elf pyromancers
  18 orb spiders
  A frost giant zombie (Depths:2)
  An orc sorcerer (Orc:2)
  20 deep elf zephyrmancers
  35 wolf spiders
  A sphinx skeleton (Depths:2)
  A salamander (shapeshifter) (D:13)
  A shadow dragon skeleton (Depths:2)
  8 cyclopes
  14 fauns
  44 ugly things
  A moth of wrath (Spider:4)
  9 elephants
  2 manticores (shapeshifter)
  4 black mambas
  15 manticores
  2 smoke demons (Depths:3)
  9 vault sentinels
  4 torpor snails
  7 water nymphs
  A rust devil (Depths:1)
  13 merfolk sirens
  12 cane toads
  An orange demon (Depths:3)
  2 freezing wraiths (D:15)
  19 yaktaurs
  A hellion (Depths:3)
  5 rime drakes
  14 komodo dragons
  5 tengu conjurers
  2 hellwings
  15 demonic crawlers
  23 merfolk
  5 polar bears
  4 trolls
  4 hornets
  4 wind drakes
  31 jumping spiders
  A hornet (shapeshifter) (Vaults:1)
  22 blink frogs
  26 slime creatures
  7 snapping turtles
  13 dream sheep
  A shadow (D:10)
  2 air elementals (Elf:2)
  58 redbacks
  25 tarantellas
  40 yaks
  15 water elementals
  3 fire elementals
  3 wraiths
  A fire bat (Volcano)
  4 basilisks
  4 hogs (D:14)
  A hog (shapeshifter) (D:15)
  2 ynoxinuls
  6 wyverns
  3 steam dragons
  8 humans (D:14)
  11 vampire mosquitoes
  2 swamp worms (shapeshifter)
  5 wargs
  19 water moccasins
  A water moccasin (shapeshifter) (D:13)
  A floating eye (shapeshifter) (Vaults:5)
  Duvessa (D:7)
  17 orc warriors
  Pargi (D:4)
  4 ice beasts
  A black bear (Lair:5)
  A boggart (Elf:1)
  15 centaurs
  2 sky beasts (D:6)
  5 wolves
  5 ogres
  A phantom (D:5)
  7 bullfrogs
  A scorpion (shapeshifter) (Vaults:1)
  A gnoll sergeant (D:12)
  2 wyvern skeletons (D:7)
  Dowan (D:7)
  2 water moccasin skeletons
  6 howler monkeys
  A howler monkey (shapeshifter) (Vaults:1)
  11 electric eels
  2 centaur zombies
  2 bullfrog zombies
  2 gnoll shamans (D:7)
  3 hounds
  5 jellies
  23 orc priests
  A centaur skeleton (D:7)
  3 iguanas (D:6)
  4 hell rats (Lair:6)
  22 orc wizards
  A hound skeleton (D:5)
  A mummy (Ossuary)
  A howler monkey zombie (D:6)
  7 adders
  14 gnolls
  3 shadow imps
  2 white imps (D:7)
  An ufetubus (D:6)
  An adder skeleton (D:4)
  3 dart slugs
  64 orcs
  A spectral bat (Ossuary)
  8 endoplasms
  5 giant cockroaches
  A goblin (shapeshifter) (Vaults:1)
  10 goblins
  5 hobgoblins
  6 kobolds
  2 quokkas
  4 ball pythons
  11 bats
  A bat simulacrum (Ossuary)
  6 frilled lizards
  12 gnoll zombies (Ossuary)
  2 goblin simulacra (Ossuary)
  5 goblin zombies
  4 hobgoblin zombies (Ossuary)
  4 kobold simulacra (Ossuary)
  6 kobold zombies (Ossuary)
  4 orc zombies (Ossuary)
  3 rats
  5 rat simulacra (Ossuary)
  A rat zombie (D:8)
  5 spectral goblins (Ossuary)
  3 spectral kobolds (Ossuary)
  5 spectral rats (Ossuary)
1574 creatures vanquished.

Vanquished Creatures (collateral kills)
  The ghost of Geciec the Warrior, a veteran BaAK of Lugonu (Vaults:1)
  A golden dragon (Depths:4)
  3 tentacled monstrosities (Vaults:1)
  A deep elf blademaster (Elf:3)
  A deep elf master archer (Elf:3)
  Roxanne (Spider:3)
  A sphinx (Vaults:3)
  An iron dragon (Depths:4)
  2 deep elf sorcerers (Elf:3)
  A deep elf elementalist (Elf:3)
  A deep elf demonologist (Elf:3)
  2 red draconians (Depths:4)
  2 deep elf annihilators (Elf:3)
  2 deep elf death magi (Elf:3)
  A merfolk impaler (Depths:1)
  A yaktaur captain (Vaults:4)
  A deep elf high priest (Elf:3)
  An ice dragon (Depths:3)
  8 dancing weapons
  4 deep troll shamans
  2 deep troll earth magi (Depths:1)
  2 deep elf knights (Elf:2)
  A hell knight (Depths:2)
  A sun demon (Depths:3)
  3 deep trolls
  A deep elf archer (Elf:2)
  4 deep elf zephyrmancers (Elf:2)
  A wizard (Depths:1)
  A deep elf pyromancer (Elf:3)
  A guardian serpent (shapeshifter) (Vaults:1)
  A vault sentinel (Vaults:3)
  A smoke demon (Depths:3)
  Maggie (D:7)
  A komodo dragon (Lair:6)
  A yaktaur (Vaults:3)
  A blink frog (Lair:6)
  A water elemental (Depths:1)
  A hog (shapeshifter) (Vaults:1)
  A neqoxec (Depths:3)
  9 orc warriors
  A sky beast (D:6)
  An ogre (D:10)
  An earth elemental (Elf:3)
  A gnoll (D:7)
  5 orcs
80 creatures vanquished.

Vanquished Creatures (others)
  A vault guard (D:14)
  A necromancer (Depths:4)
  A deep elf zephyrmancer (Elf:1)
  A human (D:13)
  8 dancing weapons
  2 hell rats (Lair:6)
  2 bushes (Lair:6)
  30 fungi
  288 plants
334 creatures vanquished.

Grand Total: 1988 creatures vanquished

Notes
Turn   | Place    | Note
-------+----------+-------------------------------------------
     0 | D:1      | MirrMurr the Spriggan Enchanter began the quest for the
                  | Orb.
     0 | D:1      | Reached XP level 1. HP: 9/9 MP: 5/5
   270 | D:1      | Reached XP level 2. HP: 12/13 MP: 6/6
   273 | D:1      | Learned a level 2 spell: Ensorcelled Hibernation
   386 | D:1      | Reached skill level 5 in Stealth
  1438 | D:2      | Reached XP level 3. HP: 16/16 MP: 2/8
  1442 | D:2      | Learned a level 3 spell: Confusing Touch
  2197 | D:3      | Reached skill level 6 in Stealth
  2557 | D:3      | Reached XP level 4. HP: 21/21 MP: 4/9
  3391 | D:4      | Reached skill level 7 in Stealth
  3391 | D:4      | Reached XP level 5. HP: 21/24 MP: 1/10
  3557 | D:4      | Noticed a centaur
  3565 | D:4      | Killed a centaur
  3571 | D:4      | Reached skill level 8 in Stealth
  3571 | D:4      | Reached XP level 6. HP: 28/28 MP: 2/11
  3770 | D:4      | Reached skill level 5 in Short Blades
  4314 | D:4      | Noticed Pargi
  4324 | D:4      | Killed Pargi
  4453 | D:5      | Entered Level 5 of the Dungeon
  4495 | D:5      | Learned a level 3 spell: Tukima's Dance
  4499 | D:5      | Learned a level 3 spell: Dazzling Flash
  4537 | D:5      | Found a staircase to the Ecumenical Temple.
  4546 | Temple   | Entered the Ecumenical Temple
  4778 | Temple   | Became a worshipper of Dithmenos the Shadowed
  4829 | D:5      | Reached skill level 5 in Hexes
  5108 | D:5      | Reached XP level 7. HP: 32/32 MP: 12/14
  5338 | D:5      | Found a white marble altar of Elyvilon.
  5339 | D:5      | Found a shimmering blue altar of Sif Muna.
  5765 | D:6      | Reached skill level 1 in Fighting
  5765 | D:6      | Reached XP level 8. HP: 29/37 MP: 15/15
  5996 | D:6      | Reached skill level 5 in Dodging
  6347 | D:6      | Reached * piety under Dithmenos
  6600 | D:7      | Found a basalt altar of Yredelemnul.
  6604 | D:7      | Noticed Maggie
  6652 | D:7      | Killed Maggie
  6721 | D:7      | Noticed Duvessa
  6721 | D:7      | Noticed Dowan
  6742 | D:7      | Killed Duvessa
  6758 | D:7      | Killed Dowan
  6759 | D:7      | Reached XP level 9. HP: 45/45 MP: 6/16
  7612 | D:7      | Reached ** piety under Dithmenos
  8003 | D:8      | Reached skill level 9 in Stealth
  8285 | D:8      | Found a staircase to the Lair.
  8285 | D:8      | Noticed a komodo dragon
  8320 | D:8      | Killed a komodo dragon
  8321 | D:8      | Reached skill level 10 in Stealth
  8557 | D:8      | Found a sand-covered staircase.
  8577 | Ossuary  | Entered an ossuary
  8952 | Ossuary  | Reached *** piety under Dithmenos
  9897 | D:9      | Reached skill level 10 in Dodging
 10277 | D:9      | Noticed an obsidian statue
 10613 | D:9      | Reached skill level 11 in Stealth
 10613 | D:9      | Reached XP level 10. HP: 49/49 MP: 17/17
 10775 | D:9      | Learned a level 2 spell: Blink
 10780 | D:9      | Learned a level 4 spell: Passage of Golubria
 10824 | D:10     | Entered Level 10 of the Dungeon
 10945 | D:10     | Found a staircase to the Orcish Mines.
 11120 | D:9      | Reached **** piety under Dithmenos
 11275 | D:10     | Reached skill level 12 in Stealth
 11354 | D:10     | Identified the +3 quarterstaff "Wunireaf" {vorpal, Int+4}
 11900 | D:10     | Reached skill level 1 in Shields
 11900 | D:10     | Reached skill level 1 in Invocations
 12143 | D:10     | Noticed a two-headed ogre
 12150 | D:10     | Killed a two-headed ogre
 12673 | D:10     | Reached skill level 13 in Stealth
 12767 | D:10     | Reached XP level 11. HP: 42/53 MP: 15/18
 13466 | D:11     | Found Niynwe's Specialty Armours.
 14162 | Lair:1   | Entered Level 1 of the Lair of Beasts
 14178 | Lair:1   | Noticed a five-headed hydra
 14212 | D:8      | Killed a five-headed hydra
 14430 | Lair:1   | Reached skill level 14 in Stealth
 14754 | Lair:1   | Reached skill level 5 in Invocations
 14892 | Lair:1   | Noticed a seven-headed hydra
 14907 | Lair:1   | Killed a seven-headed hydra
 14908 | Lair:1   | Reached skill level 15 in Stealth
 15483 | Lair:2   | Reached ***** piety under Dithmenos
 15487 | Lair:2   | Reached XP level 12. HP: 58/58 MP: 19/19
 15554 | Lair:2   | Found a dark tunnel.
 15560 | Volcano  | Entered a volcano
 16068 | Lair:2   | Noticed Sonja
 16079 | Lair:2   | Killed Sonja
 16185 | Lair:2   | Reached skill level 15 in Dodging
 16326 | Lair:2   | Found a shimmering blue altar of Sif Muna.
 16754 | Lair:3   | Noticed Fannar
 16781 | Lair:3   | Killed Fannar
 16955 | Lair:3   | Noticed an eight-headed hydra
 16975 | Lair:3   | Killed an eight-headed hydra
 16976 | Lair:3   | Identified a scroll of acquirement
 16976 | Lair:3   | Acquired a +2 hat of see invisible
 17019 | Lair:3   | Noticed a seven-headed hydra
 17541 | Lair:3   | You fall into a shaft and drop 3 floors!
 17541 | Lair:6   | Entered Level 6 of the Lair of Beasts
 17546 | Lair:5   | Noticed a five-headed hydra
 17629 | Lair:5   | Found a shimmering altar of Xom.
 17653 | Lair:4   | Noticed a catoblepas
 18842 | Lair:3   | Killed a seven-headed hydra
 18843 | Lair:3   | Reached skill level 5 in Shields
 19731 | Lair:4   | Killed a catoblepas
 19898 | Lair:4   | Found a hole to the Spider Nest.
 20154 | Lair:4   | Found a staircase to the Shoals.
 20594 | Lair:5   | Reached XP level 13. HP: 44/61 MP: 9/21
 22603 | Lair:6   | Found a runed translucent gate.
 22604 | Lair:6   | Found a runed translucent gate.
 22605 | Lair:6   | Found a runed translucent gate.
 22612 | Lair:6   | Reached skill level 10 in Hexes
 22612 | Lair:6   | Noticed a minotaur
 22615 | Lair:6   | Noticed hemabe71's ghost (journeyman HuAr)
 23057 | D:12     | Found a gate leading to a gauntlet.
 23061 | D:12     | Reached skill level 10 in Short Blades
 23099 | Gauntlet | Entered a Gauntlet
 23099 | Gauntlet | Found a transporter.
 23181 | Gauntlet | Found a transporter.
 23182 | Gauntlet | Found a transporter.
 23193 | Gauntlet | Found a transporter.
 23196 | Gauntlet | Found a transporter.
 23200 | Gauntlet | Found a runed translucent door.
 23201 | Gauntlet | Found a runed translucent door.
 23204 | Gauntlet | Found a transporter.
 23225 | Gauntlet | Found a transporter.
 23232 | Gauntlet | Noticed a blizzard demon
 23236 | Gauntlet | Found a transporter.
 23243 | Gauntlet | Found a runed translucent door.
 23247 | Gauntlet | Found a transporter.
 23265 | Gauntlet | Found a transporter.
 23279 | Gauntlet | Found a transporter.
 23279 | Gauntlet | Found a transporter.
 23328 | Gauntlet | Found a transporter.
 23345 | Gauntlet | Found a transporter.
 23564 | D:12     | Reached skill level 10 in Invocations
 23632 | D:12     | Identified the ring of Saurchiy {Wiz rCorr}
 23832 | D:12     | Found a flagged portal.
 23841 | Bailey   | Entered a bailey
 24197 | Bailey   | Identified the ring of Tezxuace {rC- rN+++ Dex+6}
 25757 | D:13     | Reached skill level 5 in Spellcasting
 26187 | D:14     | Reached skill level 5 in Fighting
 27077 | D:14     | Found a radiant altar of Vehumet.
 27086 | D:14     | Noticed Kirke
 27176 | D:14     | Reached ****** piety under Dithmenos
 27714 | D:14     | Reached XP level 14. HP: 67/68 MP: 19/25
 28015 | D:14     | Found a gate to the Vaults.
 28098 | D:15     | Entered Level 15 of the Dungeon
 28173 | D:15     | Noticed a fire giant
 28300 | Orc:1    | Entered Level 1 of the Orcish Mines
 28774 | Orc:1    | Noticed Erolcha
 28784 | Orc:1    | Found a frozen archway.
 28794 | IceCv    | Entered an ice cave
 30392 | Orc:1    | Killed Erolcha
 31092 | Orc:2    | Entered Level 2 of the Orcish Mines
 31945 | Orc:2    | Found Zelak's Weapon Boutique.
 31945 | Orc:2    | Found Erassuz's Jewellery Shop.
 31945 | Orc:2    | Found Niviw's Antique Armour Boutique.
 31972 | Orc:2    | Found Qeisegip's Armour Shop.
 32465 | Orc:2    | Found a staircase to the Elven Halls.
 32657 | Orc:2    | Bought the ring of Ceor {rC+ rN+ Int+4} for 636 gold pieces
 32657 | Orc:2    | Bought a ring of poison resistance for 300 gold pieces
 32657 | Orc:2    | Bought an amulet of reflection for 450 gold pieces
 33040 | Orc:2    | Found a staircase to the Elven Halls.
 33138 | Orc:2    | Found Zelak's Weapon Boutique.
 33139 | Orc:2    | Found Niviw's Antique Armour Boutique.
 33140 | Orc:2    | Found Erassuz's Jewellery Shop.
 33145 | Orc:2    | Found Qeisegip's Armour Shop.
 33397 | D:15     | Killed a fire giant
 34262 | D:14     | Killed Kirke
 34434 | D:15     | Reached skill level 10 in Spellcasting
 34490 | D:15     | Identified the +1 hand axe "Mukoeneash" {flame, +Blink
                  | Str+3 Dex-5}
 34903 | D:15     | Found a staircase to the Depths.
 34903 | D:15     | Noticed a stone giant
 34905 | D:15     | Killed a stone giant
 35660 | Spider:1 | Entered Level 1 of the Spider Nest
 35666 | Spider:1 | Noticed Mlioglotl
 35680 | Spider:1 | Noticed a bone dragon
 35688 | Spider:1 | Killed Mlioglotl
 36114 | Orc:2    | Bought a shimmering cloak for 323 gold pieces
 36114 | Orc:2    | Identified the +1 cloak "Luoryehe" {rElec Str-4 Int+4} (You
                  | bought it in a shop on level 2 of the Orcish Mines)
 36117 | Orc:2    | Bought a +4 vampiric rapier for 476 gold pieces
 37203 | Spider:1 | Reached XP level 15. HP: 78/78 MP: 27/30
 37570 | Spider:1 | Noticed Louise
 37913 | Spider:1 | Killed Louise
 38464 | Spider:2 | Reached skill level 16 in Stealth
 40621 | Spider:3 | Reached skill level 17 in Stealth
 41331 | Spider:3 | Noticed Mara
 41341 | Spider:3 | Killed Mara
 41605 | Spider:3 | Identified Roxanne's Guide on Earth
 41605 | Spider:3 | Noticed Roxanne
 41636 | Spider:3 | Noticed Arachne
 41651 | Spider:3 | Killed Arachne
 42388 | Spider:4 | Entered Level 4 of the Spider Nest
 42669 | Spider:4 | Reached skill level 10 in Fighting
 42946 | Spider:3 | Reached XP level 16. HP: 85/85 MP: 25/31
 43057 | Spider:4 | Reached skill level 18 in Stealth
 44617 | Spider:4 | Reached skill level 19 in Stealth
 45365 | Spider:4 | Got a gossamer rune of Zot
 45519 | Lair:4   | Upgraded the game from 0.28-a0-843-gb979743d38 to
                  | 0.28-a0-845-gfc338a8e3c
 45525 | Lair:4   | Learned a level 5 spell: Silence
 45530 | Lair:4   | Learned a level 4 spell: Summon Lightning Spire
 45534 | Lair:4   | Learned a level 3 spell: Call Canine Familiar
 45535 | Shoals:1 | Entered Level 1 of the Shoals
 45535 | Shoals:1 | Found Piros's Overcharged Wands.
 46094 | Shoals:1 | Reached skill level 1 in Summonings
 46994 | Shoals:1 | Reached skill level 1 in Translocations
 48403 | Shoals:2 | Reached skill level 20 in Stealth
 48768 | Shoals:2 | Reached XP level 17. HP: 80/89 MP: 26/32
 49210 | Shoals:3 | Noticed Polyphemus
 49541 | Shoals:3 | Noticed Ilsuiw
 49829 | Shoals:3 | Killed Polyphemus
 50211 | Shoals:3 | Reached skill level 5 in Translocations
 50341 | Shoals:3 | Reached skill level 5 in Summonings
 50859 | Shoals:3 | Noticed Donald
 51197 | Shoals:2 | Killed Donald
 52638 | Shoals:3 | Killed Ilsuiw
 53077 | Shoals:4 | Entered Level 4 of the Shoals
 53232 | Shoals:4 | Identified the +9 hand axe of the Pyrrhic Victory {freeze,
                  | rC+ Will+}
 53772 | Shoals:4 | HP: 1/89 [sea snake (17)]
 55509 | Shoals:4 | HP: 1/89 [merfolk impaler (18)]
 57225 | Shoals:4 | Reached skill level 21 in Stealth
 57574 | Shoals:4 | Identified the +5 great sword "Hick" {antimagic, rPois
                  | Int+4}
 57765 | Shoals:4 | Got a barnacled rune of Zot
 58287 | Vaults:1 | Entered Level 1 of the Vaults
 58322 | Vaults:1 | Noticed Saint Roka
 58368 | Vaults:1 | Killed Saint Roka
 58907 | Vaults:1 | Found a runed translucent gate.
 58907 | Vaults:1 | Noticed a tentacled monstrosity
 59959 | Vaults:1 | Found a runed translucent gate.
 59959 | Vaults:1 | Found a runed translucent gate.
 59959 | Vaults:1 | Noticed a tentacled monstrosity
 59959 | Vaults:1 | Noticed a tentacled monstrosity
 59960 | Vaults:1 | Noticed a tentacled monstrosity
 60053 | Vaults:1 | Reached XP level 18. HP: 93/93 MP: 33/33
 62147 | Vaults:2 | Reached skill level 22 in Stealth
 62689 | Vaults:2 | Identified the +3 morningstar "Raisin" {vorpal, rF+}
 62864 | Vaults:2 | Reached skill level 10 in Summonings
 64333 | Vaults:3 | HP: 3/93 [harpy (21)]
 65251 | Vaults:3 | Reached skill level 23 in Stealth
 65539 | Vaults:3 | Reached XP level 19. HP: 98/98 MP: 34/34
 66000 | Vaults:3 | Reached skill level 1 in Air Magic
 66437 | Vaults:3 | Reached skill level 1 in Long Blades
 66597 | Vaults:3 | Found a staircase to the Crypt.
 66597 | Vaults:3 | Found an ancient bone altar of Kikubaaqudgha.
 66598 | Vaults:3 | Found a basalt altar of Yredelemnul.
 67202 | Vaults:2 | HP: 1/94 [deep elf sorcerer/bolt of acid (11)]
 68492 | Vaults:3 | Found a staircase to the Crypt.
 68492 | Vaults:3 | Found a basalt altar of Yredelemnul.
 68495 | Vaults:3 | Found an ancient bone altar of Kikubaaqudgha.
 70579 | Vaults:4 | Identified the +2 pair of boots "Leh Irgh" {Regen+ Str+4}
 71154 | Elf:1    | Entered Level 1 of the Elven Halls
 71174 | Elf:1    | Found Dias Zoos's Armour Boutique.
 71292 | Elf:1    | Reached skill level 1 in Evocations
 71569 | Elf:1    | Found Zeack's Magic Scroll Emporium.
 71852 | Elf:1    | Reached skill level 5 in Air Magic
 72375 | Elf:1    | Noticed Nikola
 72390 | Elf:1    | Killed Nikola
 72980 | Elf:1    | Bought quicksilver dragon scales for 660 gold pieces
 73050 | Elf:2    | Found Jian's Assorted Antiques.
 73186 | Elf:2    | Found Vudyptuy's Weapon Boutique.
 73257 | Elf:2    | Found Mesyh's Weapon Shop.
 73522 | Elf:2    | Found a runed translucent door.
 73522 | Elf:2    | Found a runed translucent door.
 74131 | Elf:2    | Found a flickering gateway to a bazaar.
 74142 | Bazaar   | Entered a bazaar
 74142 | Bazaar   | Found Wocs's Armour Shoppe.
 74142 | Bazaar   | Found Camminarph's Magic Scroll Emporium.
 74142 | Bazaar   | Found Utay's Magic Scroll Shoppe.
 74169 | Bazaar   | Bought a scroll of acquirement for 624 gold pieces
 74169 | Bazaar   | Acquired 864 gold pieces
 74171 | Bazaar   | Bought a scroll of enchant armour for 90 gold pieces
 74171 | Bazaar   | Bought a scroll of fog for 24 gold pieces
 74171 | Bazaar   | Bought a scroll of blinking for 90 gold pieces
 74171 | Bazaar   | Bought a scroll of enchant armour for 90 gold pieces
 74171 | Bazaar   | Bought a scroll of teleportation for 36 gold pieces
 74171 | Bazaar   | Bought a scroll of immolation for 42 gold pieces
 74171 | Bazaar   | Bought a scroll of teleportation for 36 gold pieces
 74178 | Bazaar   | Bought a scroll of magic mapping for 42 gold pieces
 74178 | Bazaar   | Bought a scroll of enchant weapon for 90 gold pieces
 74178 | Bazaar   | Bought a scroll of teleportation for 36 gold pieces
 74178 | Bazaar   | Bought a scroll of enchant weapon for 90 gold pieces
 74178 | Bazaar   | Bought a scroll of magic mapping for 42 gold pieces
 74266 | Elf:2    | Found Use Ohiv's Antique Armour Boutique.
 74268 | Elf:2    | Found Qiomis's Assorted Antiques.
 74270 | Elf:2    | Found Ehavirr's General Store.
 74286 | Elf:2    | Paralysed by an air elemental for 1 turns
 74290 | Elf:2    | Paralysed by an air elemental for 1 turns
 74296 | Elf:2    | Paralysed by an air elemental for 1 turns
 74760 | Elf:1    | Reached skill level 24 in Stealth
 75377 | Elf:2    | Reached XP level 20. HP: 68/102 MP: 31/35
 75796 | Elf:2    | Learned a level 2 spell: Passwall
 75885 | Elf:3    | Entered Level 3 of the Elven Halls
 75929 | Elf:3    | Reached skill level 5 in Evocations
 79863 | Elf:3    | Identified the +0 leather armour of Death Resistance {Will+
                  | Int+4}
 79863 | Elf:3    | Identified the amulet of Xom's Recklessness {RegenMP rN++
                  | rCorr Int-3 Slay+3}
 83703 | Elf:3    | Identified the +0 fire dragon scales "Veysogi" {rF++ rC-
                  | Int+2}
 87401 | Elf:3    | Identified the +6 great mace "Aweaxats" {vorpal, rElec rF+
                  | rN+ Str+2}
 88035 | Elf:3    | Reached skill level 5 in Long Blades
 88080 | Elf:3    | Learned a level 5 spell: Summon Mana Viper
 88082 | Elf:3    | Identified the +6 arbalest of Supply {penet, Dex+2}
 88156 | Elf:3    | Identified the +9 ice dragon scales of Sunlight {rF- rC++
                  | Stlth+}
 88500 | Elf:2    | HP: 5/103 [something (4)]
 91207 | Elf:2    | Bought an agate ring for 150 gold pieces
 91215 | Elf:2    | Bought a scroll of blinking for 225 gold pieces
 91215 | Elf:2    | Bought a scroll of blinking for 225 gold pieces
 91460 | Depths:1 | Entered Level 1 of the Depths
 92015 | Depths:1 | Found Xes Link's Book Emporium.
 92015 | Depths:1 | Found Sunlul's Jewellery Shop.
 92016 | Depths:1 | Found Ceom's Jewellery Shop.
 92063 | Depths:1 | Found a gateway to Hell.
 92672 | Depths:1 | Reached skill level 25 in Stealth
 92932 | Depths:1 | Found a gateway to a ziggurat.
 93104 | Depths:1 | Reached skill level 1 in Transmutations
 93640 | Depths:1 | Reached skill level 1 in Earth Magic
 93994 | Depths:1 | Reached XP level 21. HP: 24/108 MP: 25/37
 95357 | Depths:1 | Found a gateway to a ziggurat.
 95475 | Depths:1 | Found a gateway to Hell.
 95854 | Depths:1 | Found Xes Link's Book Emporium.
 95854 | Depths:1 | Found Sunlul's Jewellery Shop.
 95855 | Depths:1 | Found Ceom's Jewellery Shop.
 96329 | Depths:1 | Found a gateway to Hell.
 96728 | Depths:1 | Found Xes Link's Book Emporium.
 96728 | Depths:1 | Found Sunlul's Jewellery Shop.
 96729 | Depths:1 | Found Ceom's Jewellery Shop.
 96856 | Depths:1 | Found a gateway to a ziggurat.
 97233 | Depths:2 | Noticed a juggernaut
 97256 | Depths:2 | Killed a juggernaut
 97514 | Depths:2 | Identified the ring of Geysmueddic {Fly Str+4}
 97520 | Depths:2 | Identified the ring of Dim Light {rF+ Str+3}
 97995 | Depths:2 | Reached skill level 5 in Transmutations
 98447 | Depths:2 | You fall into a shaft and drop 2 floors!
 98447 | Depths:4 | Entered Level 4 of the Depths
 99551 | Depths:2 | Found a one-way gate leading to the halls of Pandemonium.
 99900 | Depths:2 | Gained mutation: You are dopey. (Int -2) [a cacodemon]
100742 | Depths:3 | Learned a level 1 spell: Apportation
100778 | Depths:3 | Learned a level 1 spell: Slow
100805 | Depths:3 | Found a one-way gate to the infinite horrors of the Abyss.
101499 | Depths:3 | Reached skill level 5 in Earth Magic
102439 | Depths:3 | Gained mutation: Armour fits poorly on your strangely
                  | shaped body. [a neqoxec]
102450 | Depths:2 | Lost mutation: You are dopey. (Int -2) [potion of mutation]
102450 | Depths:2 | Lost mutation: Armour fits poorly on your strangely shaped
                  | body. [potion of mutation]
102450 | Depths:2 | Gained mutation: You sometimes lose the ability to read
                  | scrolls when taking damage. [potion of mutation]
102450 | Depths:2 | Gained mutation: You have a beak for a mouth. [potion of
                  | mutation]
102451 | Depths:2 | Lost mutation: You sometimes lose the ability to read
                  | scrolls when taking damage. [potion of mutation]
102451 | Depths:2 | Gained mutation: You have sharp toenails. [potion of
                  | mutation]
102451 | Depths:2 | Gained mutation: Your skin changes colour to match your
                  | surroundings (Stealth+). [potion of mutation]
102466 | Depths:3 | Upgraded the game from 0.28-a0-845-gfc338a8e3c to
                  | 0.28-a0-850-g09de17f5b5
103252 | Depths:3 | Noticed a golden dragon
103285 | Depths:3 | Killed a golden dragon
103522 | Depths:3 | Acquired a +1 cloak of preservation
103627 | Depths:4 | Noticed a golden dragon
104234 | Depths:3 | Learned a level 6 spell: Summon Cactus Giant
104628 | Depths:4 | Found a glowing golden altar of the Shining One.
104865 | Depths:4 | Killed a golden dragon
105755 | Depths:4 | Found a glowing golden altar of the Shining One.
106477 | Depths:4 | Found a gate to the Realm of Zot.
106870 | Depths:4 | Reached XP level 22. HP: 104/114 MP: 35/39
108966 | Depths:4 | Reached skill level 26 in Stealth
109393 | Depths:4 | Found a glowing golden altar of the Shining One.
110100 | D:9      | Identified the ring "Odineiz" {rC- rN+ rCorr Str+8 Int+4}
110455 | Lair:6   | Killed hemabe71's ghost
111859 | Lair:6   | Identified the amulet "Hero's Friend" {Spirit Fly Dex+2}
111866 | Lair:6   | Identified the +5 battleaxe of the Heavens {vorpal, rElec
                  | Will+++ MP+9 Int-3}
112503 | Lair:6   | Found a staircase to the Slime Pits.
112766 | Spider:3 | Killed Roxanne
113686 | Vaults:1 | Found a runed translucent gate.
113686 | Vaults:1 | Found a runed translucent gate.
113696 | Vaults:1 | Found a runed translucent gate.
113696 | Vaults:1 | Noticed Geciec's ghost (veteran BaAK)
113809 | Vaults:1 | Gained mutation: You are frail. (-10% HP) [a cacodemon]
113909 | Vaults:1 | Identified the +1 robe "Yvyuhuh" {rPois Regen+}
113939 | Vaults:1 | Lost mutation: You have sharp toenails. [potion of
                  | mutation]
113939 | Vaults:1 | Lost mutation: You are frail. (-10% HP) [potion of
                  | mutation]
113939 | Vaults:1 | Lost mutation: You have a beak for a mouth. [potion of
                  | mutation]
113939 | Vaults:1 | Gained mutation: Your spells are a little easier to cast,
                  | but a little less powerful. [potion of mutation]
113939 | Vaults:1 | Lost mutation: Your spells are a little easier to cast, but
                  | a little less powerful. [potion of mutation]
113939 | Vaults:1 | Gained mutation: You expend magic power (3 MP) to
                  | strengthen your wands. [potion of mutation]
115024 | Vaults:1 | Killed Geciec's ghost
116083 | Vaults:5 | Entered Level 5 of the Vaults
116085 | Vaults:5 | Noticed an ancient lich
116115 | Vaults:5 | Killed an ancient lich
116133 | Vaults:5 | Noticed a golden dragon
116403 | Vaults:5 | Paralysed by a floating eye for 4 turns
116546 | Vaults:5 | Constricted to death by a tentacled monstrosity

Illustrated notes

Levels and vault maps discovered:
D:1:      shiori_arrival_elements, layout_basic, minmay_small_reverse_x
D:2:      layout_rooms, hangedman_glass_teeth, serial_bayou_pond_d
D:3:      layout_basic
D:4:      layout_basic, minmay_goblin_kobold_house, uniq_pargi
D:5:      layout_basic, gammafunk_temple_overflow_pools,
          minmay_temple_entry_antechambers
D:6:      layout_rooms, serial_park_tiny_2, hangedman_decor_push
D:7:      layout_basic, yredelemnul_altar_generic, roderic_batcave,
          uniq_duvessa, uniq_maggie
D:8:      layout_loops_cross, david_lair_shrubbed, enter_ossuary_4
D:9:      layout_stronghold, roderic_roman_lattice, minivault_15
D:10:     layout_basic, erik_orc_4
D:11:     layout_big_octagon, nicolae_barding_shop
D:12:     layout_rooms, gauntlet_entry_generic, enter_bailey_3
D:13:     layout_stronghold
D:14:     layout_cave_pods, ximxim_vaults_locker_room, corexii_leaking_fountain,
          nicolae_vehumet_radiance, uniq_kirke
D:15:     grunt_enter_depths_snipers, layout_cave_pools,
          minmay_misc_feat_rugged, nicolae_underground_beach
Temple:   mainiacjoe_temple_bowtie_tessellation
Lair:1:   layout_concentric_octagons, st_stairs_3, lemuel_old_faithful
Lair:2:   layout_long_grid, basic_altar, nicolae_volcano_entry_lava_flow,
          serial_bayou_shore_a, uniq_sonja
Lair:3:   layout_cellular_growth, uniq_fannar
Lair:4:   layout_cave_pods, minmay_shoals_entry_lonely_mermaid,
          spider_nest_entry_web_field, chequers_serial_rivers_micro_d
Lair:5:   layout_cave_pods, basic_altar
Lair:6:   gammafunk_lair_ancient_temple, layout_long_grid,
          nicolae_slime_entry_slimehenge, maelrawn_ghost_gauntlet_escape,
          nicolae_lair_grove_arrangements, infiniplex_staircase_pool
Shoals:1: layout_shoals, nicolae_shop_overcharged_wands
Shoals:2: layout_shoals, nicolae_shoals_lost_giant_baths
Shoals:3: layout_shoals, uniq_donald, uniq_ilsuiw, uniq_polyphemus
Shoals:4: shoals_end_grunt_garden, layout_shoals
Spider:1: layout_spider_delve, uniq_mlioglotl, uniq_louise
Spider:2: layout_chambers
Spider:3: layout_chambers, drop_trap, uniq_mara, uniq_arachne, uniq_roxanne
Spider:4: grunt_spider_rune_island, hangedman_spider_tarantella_strand
Orc:1:    layout_caves, portal_ice_cave_rime, nicolae_orc_crystal_geode,
          uniq_erolcha
Orc:2:    st_orc_mages, layout_caves
Elf:1:    eino_elf_arrival_sip, layout_onion_city, serial_shops,
          nicolae_shop_statue_plus, shop_statue, hangedman_elf_disciples,
          uniq_nikola
Elf:2:    nicolae_elf_blades_splatter_lattice
          [nicolae_blade_entry_splitting_headache], layout_geoelf_octagon,
          serial_shops, bzr_firewalk, nicolae_diamond_shop,
          nicolae_stop_n_shop_2, nicolae_shop_waterfront, minmay_shop_star
Elf:3:    minmay_elf_hall_spiked, layout_loops_corners
Vaults:1: ploomutoo_gammafunk_ghost_potion_laboratory,
          ontoclasm_vaults_decontamination, vaults_mumra_minichess, v_misc_11,
          vaults_room_large_hall, vaults_room_stairs_pillars, v_misc_22,
          v_pattern_1, vaults_room_corners, layout_vaults_quadrants,
          uniq_saint_roka
Vaults:2: vaults_room_grid, hangedman_vaults_slice, v_misc_3,
          nicolae_vaults_twisting_passages, vaults_room_hangedman_quadrants,
          grunt_vaults_bifocal, hangedman_vaults_corner_blocks,
          grunt_vaults_focal, vaults_dpeg_hooks,
          nicolae_vaults_little_squares_4, nicolae_vaults_little_squares_1,
          layout_vaults_big_room
Vaults:3: nicolae_vaults_triangles, v_misc_33, nicolae_vaults_alarming,
          nicolae_vaults_gold_heap, ontoclasm_vaults_eye,
          vaults_room_ringed_pool, ontoclasm_vaults_shout,
          hangedman_vaults_nodes, minmay_crypt_entry_necro_gods, v_misc_14,
          v_rooms_3, vaults_room_semicircle, nicolae_vaults_asterisk,
          layout_vaults_maze
Vaults:4: nicolae_vaults_network_square, v_misc_2, grunt_vaults_hallway_short,
          grunt_vaults_diagonal, ontoclasm_vaults_loading_screen, v_misc_31,
          nicolae_vaults_network_s, v_misc_24, layout_vaults_omnibox
Vaults:5: uniq_jory
Depths:1: layout_honeycomb, enter_ziggurat_e, hell_entry, water_maze_lemuel,
          minmay_shop_grove
Depths:2: minmay_strange_plus, layout_basic, rand_demon_pan_entry_8,
          grunt_hell_entry_dis_mu, hangedman_abyss_or_decor_stagger
Depths:3: minmay_shrinking_squares, layout_cave_shapes,
          nicolae_abyss_entry_one_way_or_another, nrook_mini_vaults,
          grunt_hell_entry_demonic_statue, infiniplex_staircase_pool_2
Depths:4: grunt_zot_entry_tricorne, layout_basic, tso_altar,
          infiniplex_enter_wizlab_spiral, hell_entry,
          minmay_mirror_moons_of_madness

Skill      XL: |  1  2  3  4  5  6  7  8  9 10 11 12 13 14 15 16 17 18 19 20 21 22 |
---------------+-------------------------------------------------------------------+-----
Stealth        | 5 6 7 8 11 13 15 17 20 21 23 24 25 26 | 26.4
Short Blades   | 2 3 4 5 7 8 10 | 10.0
Spellcasting   | 4 6 10 11 12 13 | 13.6
Hexes          | 5 8 9 10 11 | 11.0
Dodging        | 3 7 10 12 14 15 17 18 19 21 22 23 | 23.7
Fighting       | 1 4 5 8 10 11 | 11.9
Shields        | 1 3 5 7 8 |  8.5
Invocations    | 2 5 9 10 11 12 | 12.0
Summonings     | 4 7 10 12 | 12.8
Translocations | 4 8 9 |  9.0
Air Magic      | 5 6 |  6.0
Long Blades    | 3 5 7 |  7.9
Evocations     | 4 8 |  8.0
Transmutations | 2 6 7 |  7.5
Earth Magic    | 1 6 |  6.0

Action                   |  1- 3 |  4- 6 |  7- 9 | 10-12 | 13-15 | 16-18 | 19-21 | 22-24 || total
-------------------------+-------+-------+-------+-------+-------+-------+-------+-------++-------
Melee: Dagger            |   124 |   104 |   482 |   384 |  1399 |   480 |   501 |   277 ||  3751
       Rapier            |       |       |       |       |    86 |  1280 |  2144 |   415 ||  3925
       Kick              |       |       |       |       |       |       |    74 |   191 ||   265
       Peck              |       |       |       |       |       |       |    51 |   131 ||   182
Throw: Stone             |       |       |       |     4 |    19 |     8 |    12 |    17 ||    60
       Dart              |       |       |       |       |       |    28 |    34 |       ||    62
       Throwing net      |       |       |       |       |       |     1 |       |       ||     1
 Cast: Ensorcelled Hiber |    21 |    27 |    28 |   210 |   327 |   144 |    78 |    58 ||   893
       Confusing Touch   |       |     4 |    34 |    15 |    90 |    71 |    88 |    16 ||   318
       Tukima's Dance    |       |       |     3 |     2 |    58 |    23 |     9 |       ||    95
       Dazzling Flash    |       |       |       |       |     3 |    24 |     2 |     9 ||    38
       Blink             |       |       |       |       |     2 |       |     2 |       ||     4
       Summon Lightning  |       |       |       |       |       |       |    69 |       ||    69
       Call Canine Famil |       |       |       |       |       |       |    56 |    10 ||    66
       Summon Mana Viper |       |       |       |       |       |       |    74 |    33 ||   107
       Silence           |       |       |       |       |       |       |     1 |       ||     1
       Summon Cactus Gia |       |       |       |       |       |       |     6 |    14 ||    20
       Passwall          |       |       |       |       |       |       |     2 |     1 ||     3
       Apportation       |       |       |       |       |       |       |       |     7 ||     7
Invok: Shadow Step       |       |       |       |       |     1 |     2 |     1 |       ||     4
       Shadow Form       |       |       |       |       |       |     3 |     2 |     1 ||     6
Evoke: Wand              |       |       |       |     4 |    14 |    30 |    13 |     2 ||    63
       Lightning rod     |       |       |       |       |       |       |     5 |       ||     5
  Use: Scroll            |       |     6 |     5 |    19 |    13 |     1 |    22 |     7 ||    73
       Potion            |       |       |       |       |       |    11 |     7 |     2 ||    20
 Stab: Sleeping          |    22 |    21 |    43 |   130 |   225 |   204 |   133 |    38 ||   816
       Confused          |       |     4 |    31 |    15 |   106 |    83 |    95 |    12 ||   346
       Distracted        |       |       |     2 |     1 |     2 |     8 |    57 |    13 ||    83
       Invisible         |       |       |       |       |     3 |    24 |     4 |     5 ||    36
       Held in net/web   |       |       |       |       |     1 |       |       |       ||     1
       Fleeing           |       |       |       |       |       |       |     2 |       ||     2
Armor: Robe              |    17 |    12 |     3 |       |       |       |       |       ||    32
       Steam dragon scal |       |       |    29 |    34 |   127 |   165 |   313 |    81 ||   749
Dodge: Dodged            |    81 |    85 |   234 |   356 |   960 |  1423 |  1717 |   346 ||  5202
Block: Buckler           |       |       |    98 |   126 |   718 |  1177 |  1537 |   341 ||  3997
       Reflection        |       |       |       |       |       |    37 |    45 |     5 ||    87

Table legend: (Time is in decaauts)
 A = Elapsed time spent in this place.
 B = Non-inter-level travel time spent in this place.
 C = Inter-level travel time spent in this place.
 D = Time resting spent in this place.
 E = Time spent auto-exploring this place.
 F = Levels seen in this place.
 G = Mean time per level.
                   A        B        C        D        E       F      G
               +--------+--------+--------+--------+--------+-----+--------+
         Total |  90668 |  85540 |   5128 |  18293 |  49241 |  50 | 1813.4 |
       Dungeon |  17991 |  15952 |   2039 |   1924 |  11022 |  15 | 1199.4 |
        Temple |    153 |    135 |     18 |      0 |    121 |   1 |  153.0 |
          Lair |   9774 |   8890 |    884 |   1342 |   5711 |   6 | 1629.0 |
        Shoals |   9491 |   9275 |    216 |   2966 |   3291 |   4 | 2372.8 |
   Spider Nest |   6363 |   5997 |    366 |    582 |   3999 |   4 | 1590.8 |
  Orcish Mines |   2738 |   2575 |    163 |    264 |   1631 |   2 | 1369.0 |
   Elven Halls |  15712 |  15311 |    401 |   5559 |   7503 |   3 | 5237.3 |
        Vaults |  12285 |  11592 |    693 |   1652 |   7456 |   5 | 2457.0 |
        Depths |  13688 |  13344 |    344 |   3418 |   7292 |   4 | 3422.0 |
        Bazaar |     49 |     49 |      0 |      0 |     12 |   1 |   49.0 |
       Ossuary |    820 |    820 |      0 |    437 |     98 |   1 |  820.0 |
        Bailey |    345 |    345 |      0 |      0 |    237 |   1 |  345.0 |
      Ice Cave |    827 |    827 |      0 |    144 |    583 |   1 |  827.0 |
       Volcano |    178 |    178 |      0 |      0 |     97 |   1 |  178.0 |
      Gauntlet |    246 |    246 |      0 |      0 |    182 |   1 |  246.0 |
               +--------+--------+--------+--------+--------+-----+--------+

Top non-repeatable levels by time:
   Elf:3: 5984 daAuts
   Elf:2: 5801 daAuts
Vaults:1: 4373 daAuts
Depths:1: 4287 daAuts
Shoals:3: 4206 daAuts
   Elf:1: 3927 daAuts
Depths:4: 3873 daAuts
Depths:3: 3495 daAuts
Vaults:3: 3032 daAuts
Vaults:2: 2957 daAuts
  Lair:4: 2683 daAuts
    D:15: 2275 daAuts
    D:14: 2234 daAuts
    D:10: 2208 daAuts
Spider:3: 2208 daAuts
